 Dungeon Crawl Stone Soup version 0.26-a0-639-g72c4674329 (webtiles) character file.

Game seed: 11525478476060956867

179 PentaManta the Chopper (level 5, -2/41 HPs)
             Began as a Formicid Abyssal Knight on Sept 20, 2020.
             Was a Believer of Lugonu.
             Killed by nerve-wracking pain
             ... invoked by Grinder
              (5 damage)
             ... on level 3 of the Dungeon.
             The game lasted 00:09:07 (3794 turns).

PentaManta the Chopper (Formicid Abyssal Knight)    Turns: 3794, Time: 00:09:07

Health: -2/41      AC: 10    Str: 14 (17) XL:     5   Next: 90%
Magic:  6/6        EV:  2    Int: 10 (12) God:    Lugonu [**....]
Gold:   215        SH:  9    Dex:  8 (10) Spells: 4/4 levels left

rFire    . . .     SeeInvis +   e - +2 short sword (drain)
rCold    . . .     Faith    .   f - +1 kite shield
rNeg     . . .     Spirit   .   i - +0 plate armour
rPois    .         Reflect  .   (helmet unavailable)
rElec    .         Harm     .   (no cloak)
rCorr    .         Rampage  .   (no gloves)
MR       .....                  (no boots)
Stlth    ..........             (no amulet)
HPRegen  0.13/turn              (no ring)
MPRegen  0.10/turn              (no ring)

@: no status effects
A: permanent stasis, dig shafts and tunnels, four strong arms, antennae 3
a: Dig, Shaft Self, Depart the Abyss, Bend Space, Renounce Religion


You were on level 3 of the Dungeon.
You worshipped Lugonu.
Lugonu was pleased with you.
You visited 1 branch of the dungeon, and saw 3 of its levels.
You visited the Abyss 1 time.

You collected 215 gold pieces.

Inventory:

Hand Weapons
 a - a +1 hand axe
 e - a +2 short sword of draining (weapon)
 j - a +2 dagger of pain
Missiles
 m - 69 stones (quivered)
Armour
 f - a +1 kite shield (worn)
 i - a +0 plate armour (worn)
Jewellery
 k - an uncursed ring of protection from magic {unknown}
 t - an uncursed ring of see invisible {unknown}
Scrolls
 o - a scroll of noise {unknown}
 p - a scroll of identify
Potions
 c - a potion of might
 g - a potion of brilliance {unknown}
 h - a potion of degeneration
 l - a potion of stabbing {unknown}
 n - a potion of magic


   Skills:
 - Level 3.2 Fighting
 + Level 4.6 Axes
 - Level 2.1 Armour
 - Level 0.8 Dodging
 * Level 3.5 Shields
 - Level 2.1 Invocations


You had 4 spell levels left.
You didn't know any spells.
Your spell library was empty.

Dungeon Overview and Level Annotations

Branches:
Dungeon (3/15)

Altars:
Cheibriados
Gozag
Hepliaklqana
Okawaru
Qazlal
Xom
Zin

Annotations:
D:1 get fire wnd
D:3 Grinder


Innate Abilities, Weirdness & Mutations

You cannot be hasted, slowed, berserked, paralysed or teleported.
You can dig through walls and to a lower floor.
Your four strong arms can wield two-handed weapons with a shield.
You have a pair of large antennae on your head. (SInv)


Message History

Press: ? - help, Shift-Dir - straight line, f/p - Grinder
Aim: Grinder (severely wounded)
You throw a throwing net.
The throwing net completely misses Grinder.
You block Grinder's attack.
You feel better. Grinder hits you.
* * * LOW HITPOINT WARNING * * *
You writhe in agony.
* * * LOW HITPOINT WARNING * * *
Okay, then.
Okay, then.
Okay, then.
It was a potion of degeneration.
There was something very wrong with that liquid.
You feel weakened.
You feel dopey.
You feel clumsy. Grinder barely misses you.
It was a potion of magic.
Magic courses through your body. Grinder gestures at you.
Pain shoots through your body!
You die...

#.### .. #.# #.# #.# #.#
#.# #########.### {
#...@5.....(#####.
#.#######......... ####
#. #........####
...........#####....#
.....#.## #..#.# .....
#....# #
#..#########.#.## .##
...#..).........#.###....
#.(.....)............#.#


You could see Grinder.

Vanquished Creatures
  8 gnolls
  An adder (D:3)
  2 oozes
  2 worms (D:2)
  5 dart slugs
  A leopard gecko (D:1)
  An orc (D:3)
  A ball python (D:2)
  7 bats
  4 giant cockroaches
  8 goblins
  7 hobgoblins
  5 jackals
  A quokka (D:2)
  3 frilled lizards
  8 kobolds
  4 rats
68 creatures vanquished.

Notes
Turn   | Place    | Note
-------+----------+-------------------------------------------
     0 | Abyss:1  | PentaManta the Formicid Abyssal Knight began the quest for
                  | the Orb.
     0 | Abyss:1  | Reached XP level 1. HP: 18/18 MP: 2/2
    45 | Abyss:1  | Noticed a shadow wraith
    59 | Abyss:1  | Noticed an ancient zyme
    69 | Abyss:1  | Noticed an apocalypse crab
    87 | Abyss:1  | Noticed a large abomination
    92 | D:1      | Escaped the Abyss
   538 | D:1      | Reached * piety under Lugonu
   783 | D:2      | Found an iron altar of Okawaru.
   819 | D:2      | Reached XP level 2. HP: 16/24 MP: 3/3
   992 | D:1      | Reached skill level 3 in Axes
  1023 | D:1      | Reached XP level 3. HP: 29/29 MP: 4/4
  1927 | D:1      | Reached skill level 4 in Axes
  1927 | D:1      | Reached XP level 4. HP: 35/35 MP: 5/5
  2190 | D:2      | Reached ** piety under Lugonu
  2237 | D:2      | Reached skill level 1 in Shields
  2564 | D:2      | Reached XP level 5. HP: 26/41 MP: 6/6
  2943 | D:2      | Found a shimmering altar of Xom.
  2987 | D:2      | Found a hazy altar of Hepliaklqana.
  3061 | D:2      | Found an opulent altar of Gozag.
  3061 | D:2      | Found a glowing silver altar of Zin.
  3382 | D:2      | Found a snail-covered altar of Cheibriados.
  3408 | D:2      | Found a stormy altar of Qazlal.
  3752 | D:3      | Noticed Grinder
  3792 | D:3      | HP: 2/41 [Grinder (4)]
  3794 | D:3      | Killed from afar by Grinder

Illustrated notes

Levels and vault maps discovered:
D:1:      tarquinn_simple_flora_water_a, layout_basic, minmay_stone_trees_small
D:2:      layout_basic, lemuel_doored_altar, nicolae_overflow_hidden_temple,
          kennysheep_okawaru_gauntlet
D:3:      layout_loops_ring, uniq_grinder

Skill      XL: |  1  2  3  4  5 |
---------------+----------------+-----
Axes           | 3 4 |  4.6
Shields        | 2 3 |  3.5
Fighting       | |  3.2
Armour         | |  2.1
Dodging        | |  0.8
Invocations    | |  2.1

Action                   |  1- 3 |  4- 6 || total
-------------------------+-------+-------++-------
Melee: Hand axe          |    38 |       ||    38
       Short sword       |    48 |   151 ||   199
       Dagger            |    35 |       ||    35
 Fire: Hunting sling     |       |     4 ||     4
Throw: Throwing net      |       |     2 ||     2
Invok: Depart the Abyss  |     1 |       ||     1
 Abil: Dig               |     2 |       ||     2
  Use: Scroll            |       |     8 ||     8
       Potion            |       |     3 ||     3
Armor: Leather armour    |    26 |       ||    26
       Plate armour      |    38 |    76 ||   114
Dodge: Dodged            |    63 |    28 ||    91
Block: Kite shield       |    20 |    78 ||    98

Table legend: (Time is in decaauts)
 A = Elapsed time spent in this place.
 B = Non-inter-level travel time spent in this place.
 C = Inter-level travel time spent in this place.
 D = Time resting spent in this place.
 E = Time spent auto-exploring this place.
 F = Levels seen in this place.
 G = Mean time per level.
                   A        B        C        D        E       F      G
               +--------+--------+--------+--------+--------+-----+--------+
         Total |   3839 |   3674 |    165 |    617 |   2238 |   4 |  959.8 |
       Dungeon |   3747 |   3582 |    165 |    617 |   2238 |   3 | 1249.0 |
         Abyss |     92 |     92 |      0 |      0 |      0 |   1 |   92.0 |
               +--------+--------+--------+--------+--------+-----+--------+

Top non-repeatable levels by time:
     D:2: 1764 daAuts
     D:1: 1644 daAuts
     D:3: 338 daAuts
 Abyss:1: 92 daAuts
